 Dungeon Sprint DCSS version 0.30-a0-824-g6c64550be9 (webtiles) character file.

Game seed: 14220860287334931283

12212 BigDaddyOpFi the Champion of Chaos (level 11, -5/96 HPs)
             Began as a Demonspawn Fighter on Feb 27, 2023.
             Was the Champion of Makhleb.
             Killed from afar by a bog body (33 damage)
             ... with a bolt of cold
             ... in the Dungeon (Sprint VII: "The Pits").
             The game lasted 00:04:08 (2458 turns).

BigDaddyOpFi the Champion of Chaos (DsFi)           Turns: 2458, Time: 00:04:09

Health: -5/96      AC: 21    Str: 21    XL:     11   Next: 59%
Magic:  25/25      EV:  9    Int: 15    God:    Makhleb [******]
Gold:   0          SH: 11    Dex: 13    Spells: 10/10 levels left

rFire   . . .      SeeInvis .    m - +2 war axe (heavy)
rCold   . . .      Faith    .    c - +0 buckler
rNeg    . . .      Spirit   .    d - +2 plate armour
rPois   .          Reflect  .    (no helmet)
rElec   .          Harm     .    (no cloak)
rCorr   .          Rampage  .    (no gloves)
Will    .....      NoTele   +    (no boots) Stlth
                                 (no amulet)
HPRegen 0.36/turn                b - +3 ring of intelligence
MPRegen 0.19/turn                g - +3 ring of intelligence

@: weak-willed, weakened, slowed, very slow
A: claws 1, repulsion field 2, icemail 1, spiny 2, condensation shield
a: Renounce Religion, Minor Destruction, Lesser Servant of Makhleb, Major
Destruction, Greater Servant of Makhleb


You were in the Dungeon.
You worshipped Makhleb.
Makhleb was exalted by your worship.
You visited 1 branch

Inventory:

Hand Weapons
 m - a +2 heavy war axe (weapon)
Armour
 c - a +0 buckler (worn)
 d - a +2 plate armour (worn)
Jewellery
 b - a +3 ring of intelligence (left claw)
 g - a +3 ring of intelligence (right claw)
Scrolls
 j - a scroll of blinking
Potions
 e - a potion of curing
 h - 4 potions of magic
 i - 4 potions of berserk rage
 k - 2 potions of invisibility


   Skills:
 + Level 12.6 Fighting
 + Level 11.4 Axes
 + Level 11.5 Armour
 + Level 11.7 Shields
 * Level 21.3 Invocations


You had 10 spell levels left.
You didn't know any spells.
Your spell library was empty.

Dungeon Overview and Level Annotations

Branches:
Dungeon (1/1)

Altars:
Ashenzari
Cheibriados
Dithmenos
Fedhas
Gozag
Hepliaklqana
Kikubaaqudgha
Makhleb
Nemelex Xobeh
Okawaru
Qazlal
Ru
Sif Muna
Trog
Uskayaw
Vehumet
Wu Jian
Xom
Yredelemnul
Jiyva
Lugonu

Annotations:
D Pargi


Innate Abilities, Weirdness & Mutations

You have sharp fingernails.
You are surrounded by a moderate repulsion field. (EV +3)
A meltable icy envelope protects you from harm. (AC +4)
You are mostly covered in sharp spines.
A meltable shield of frost defends you. (SH +4)


Message History

Your willpower is stripped away!
The ynoxinul gestures.
The orc wizard gestures wildly while chanting.
The orc wizard flickers and vanishes!
Deactivating autopickup; reactivate with Ctrl-A.
A floating eye comes into view.
A gnoll comes into view. It is wielding a +0 spear.
An orc warrior comes into view. It is wielding a +0 hand axe.
The gnoll shouts!
You slice the phantasmal warrior!!
The phantasmal warrior is heavily damaged.
The gnoll hits you but does no damage.
The phantasmal warrior is struck by your spines.
The phantasmal warrior hits you!
The ynoxinul gestures.
The floating eye's view fixates on you. You block the gnoll's attack.
You slash the phantasmal warrior!
The phantasmal warrior is almost destroyed.
The phantasmal warrior is struck by your spines.
You destroy the phantasmal warrior!
Makhleb accepts your kill.
You feel better. The gnoll hits you but does no damage.
The orange demon closely misses you. The bog body closely misses you.
You slice the bog body like a ripe choko!!!
The bog body is almost destroyed.
The gnoll closely misses you. The orange demon stings you from afar.
The bog body casts a spell at you. The bolt of cold hits you!!
A demon appears!
You block the gnoll's attack. The bog body closely misses you.
The orange demon stings you but does no damage.
A demon appears!
The gnoll barely misses you.
The gnoll bouda gazes fiercely through you!
You feel your attacks grow feeble. The bog body casts a spell at you.
You feel yourself slow down. The orange demon stings you from afar!
* * * LOW HITPOINT WARNING * * *
The bog body points at you and mumbles some strange words.
The bolt of cold hits you!!
You die...

#### #########
##########
..+..+...###........ .
..+..+.....##...... ..
.##..##.....##....# o#
##....###....#....# o5
........ ##.###..# g#o#.
..#..#...#...÷#.n#4S{o..
.........+...÷)÷@ng.H5..
..#..#...#...)#..#4Tg...
........###.###42# g#.#.
##....###....#....# ..
.##..##.....##....# .#
.†'..'.....##...... ..
.)††.'...###........ .
########## ##########


You could see a sphinx, 2 orange demons, 2 bog bodies, Pargi, an orc warrior, a
gnoll bouda, an orc priest, 3 gnolls, 2 orcs, 2 ufetubi, a ball python, a
friendly blizzard demon (summoned) and a friendly orange demon (summoned).

Vanquished Creatures
  A great orb of eyes (D)
  A hydra (D)
  Urug (D)
  5 death yaks (D)
  A phantasmal warrior (D)
  A manticore (D)
  An orange demon (D)
  A komodo dragon (D)
  A tyrant leech (D)
  A troll (D)
  A wind drake (D)
  4 dream sheep (D)
  A spriggan (D)
  A jumping spider (D)
  A wyvern (D)
  A shadow (D)
  3 wraiths (D)
  A warg (D)
  A floating eye (D)
  An acid dragon (D)
  A water moccasin (D)
  An ice beast (D)
  A sky beast (D)
  A centaur (D)
  5 wolves (D)
  2 kobold brigands (D)
  A scorpion (D)
  A quasit (D)
  An iguana (D)
  A hell rat (D)
  An adder (D)
  A river rat (D)
  3 ufetubi (D)
  A worm (D)
  An orc (D)
  A bat skeleton (D)
  2 jackals (D)
  4 rats (D)
58 creatures vanquished.

Vanquished Creatures (collateral kills)
  Josephine (D)
  A hydra (D)
  A spriggan berserker (D)
  A deep elf zephyrmancer (D)
  A dream sheep (D)
  A floating eye (D)
  A giant cockroach (D)
7 creatures vanquished.

Grand Total: 65 creatures vanquished

Notes
Turn   | Place    | Note
-------+----------+-------------------------------------------
     0 | D        | BigDaddyOpFi the Demonspawn Fighter began the quest for the
                  | Orb.
     0 | D        | Reached XP level 1. HP: 18/18 MP: 1/1
    20 | D        | Found a bloodstained altar of Trog.
    20 | D        | Found a shimmering blue altar of Sif Muna.
    20 | D        | Found a viscous altar of Jiyva.
    20 | D        | Found a hazy altar of Hepliaklqana.
    20 | D        | Found an opulent altar of Gozag.
    21 | D        | Found a basalt altar of Yredelemnul.
    21 | D        | Found a shimmering altar of Xom.
    21 | D        | Found an ornate altar of the Wu Jian Council.
    21 | D        | Found a sacrificial altar of Ru.
    21 | D        | Found a stormy altar of Qazlal.
    21 | D        | Found an iron altar of Okawaru.
    21 | D        | Found a sparkling altar of Nemelex Xobeh.
    21 | D        | Found a burning altar of Makhleb.
    21 | D        | Found a blossoming altar of Fedhas.
    21 | D        | Found a shadowy altar of Dithmenos.
    21 | D        | Found a snail-covered altar of Cheibriados.
    22 | D        | Found a radiant altar of Vehumet.
    22 | D        | Found a corrupted altar of Lugonu.
    23 | D        | Found an ancient bone altar of Kikubaaqudgha.
    23 | D        | Found a hide-covered altar of Uskayaw.
    23 | D        | Found a broken altar of Ashenzari.
    37 | D        | Became a worshipper of Makhleb the Destroyer
    70 | D        | Gained mutation: You are surrounded by a mild repulsion
                  | field. (EV +2) [demonic ancestry]
    70 | D        | Reached XP level 2. HP: 18/24 MP: 2/2
   194 | D        | Noticed a scorpion
   195 | D        | Reached * piety under Makhleb
   204 | D        | Killed a scorpion
   205 | D        | Reached skill level 4 in Invocations
   205 | D        | Gained mutation: You are partially covered in sharp spines.
                  | [demonic ancestry]
   205 | D        | Reached XP level 3. HP: 17/31 MP: 2/6
   405 | D        | Noticed a floating eye
   406 | D        | Noticed an ice beast
   407 | D        | Paralysed by a floating eye for 3 turns
   412 | D        | Killed a floating eye
   412 | D        | Reached ** piety under Makhleb
   413 | D        | Reached skill level 5 in Fighting
   413 | D        | Reached skill level 7 in Invocations
   413 | D        | Gained mutation: A meltable shield of frost defends you.
                  | (SH +4) [demonic ancestry]
   413 | D        | Reached XP level 4. HP: 34/39 MP: 6/9
   413 | D        | Reached XP level 5. HP: 39/44 MP: 6/10
   419 | D        | Killed an ice beast
   420 | D        | Reached skill level 5 in Axes
   420 | D        | Reached skill level 5 in Armour
   420 | D        | Reached skill level 5 in Shields
   420 | D        | Reached skill level 9 in Invocations
   420 | D        | Gained mutation: You have sharp fingernails. [demonic
                  | ancestry]
   420 | D        | Reached XP level 6. HP: 50/52 MP: 7/12
   625 | D        | Noticed a sky beast
   628 | D        | Reached *** piety under Makhleb
   643 | D        | Killed a sky beast
   644 | D        | Reached skill level 10 in Invocations
   651 | D        | Reached **** piety under Makhleb
   652 | D        | Gained mutation: You are mostly covered in sharp spines.
                  | [demonic ancestry]
   652 | D        | Reached XP level 7. HP: 49/59 MP: 13/15
   794 | D        | Reached skill level 11 in Invocations
   795 | D        | Noticed an orange demon
   809 | D        | Killed an orange demon
   810 | D        | Reached skill level 12 in Invocations
   814 | D        | Reached ***** piety under Makhleb
   831 | D        | Gained mutation: You are surrounded by a moderate repulsion
                  | field. (EV +3) [demonic ancestry]
   831 | D        | Reached XP level 8. HP: 68/68 MP: 17/17
   834 | D        | Noticed a death yak
   834 | D        | Noticed a death yak
   834 | D        | Noticed a death yak
   834 | D        | Noticed a death yak
   848 | D        | Killed a death yak
   849 | D        | Reached skill level 14 in Invocations
   851 | D        | Killed a death yak
   852 | D        | Reached skill level 15 in Invocations
   852 | D        | Reached XP level 9. HP: 28/76 MP: 17/20
   862 | D        | Killed a death yak
   863 | D        | Reached skill level 16 in Invocations
   868 | D        | Killed a death yak
   869 | D        | Reached skill level 10 in Fighting
  1239 | D        | Noticed a troll
  1247 | D        | Killed a troll
  1375 | D        | Noticed a tyrant leech
  1377 | D        | Noticed a manticore
  1378 | D        | Noticed a great orb of eyes
  1382 | D        | Killed a tyrant leech
  1383 | D        | Reached skill level 17 in Invocations
  1383 | D        | Gained mutation: A meltable icy envelope protects you from
                  | harm. (AC +4) [demonic ancestry]
  1383 | D        | Reached XP level 10. HP: 86/86 MP: 22/22
  1389 | D        | Killed a great orb of eyes
  1389 | D        | Reached ****** piety under Makhleb
  1404 | D        | Killed a manticore
  1405 | D        | Reached skill level 10 in Armour
  1405 | D        | Reached skill level 10 in Shields
  1405 | D        | Reached skill level 18 in Invocations
  1914 | D        | Noticed a deep elf zephyrmancer
  1914 | D        | Noticed a five-headed hydra
  1922 | D        | Killed a six-headed hydra
  1923 | D        | Reached skill level 10 in Axes
  1923 | D        | Killed a deep elf zephyrmancer
  1923 | D        | Noticed a death yak
  1924 | D        | Reached skill level 19 in Invocations
  1930 | D        | Killed a death yak
  1943 | D        | Noticed a five-headed hydra
  1953 | D        | Killed a five-headed hydra
  1954 | D        | Reached XP level 11. HP: 77/95 MP: 24/24
  2033 | D        | Noticed Josephine
  2033 | D        | Noticed a spriggan berserker
  2033 | D        | Noticed Urug
  2043 | D        | Killed Josephine
  2044 | D        | Reached skill level 20 in Invocations
  2045 | D        | Killed a spriggan berserker
  2071 | D        | Killed Urug
  2072 | D        | Reached skill level 21 in Invocations
  2450 | D        | Noticed a bog body
  2450 | D        | Noticed a sphinx
  2450 | D        | Noticed a phantasmal warrior
  2450 | D        | Noticed Pargi
  2450 | D        | Noticed a bog body
  2455 | D        | Killed a phantasmal warrior
  2458 | D        | Killed from afar by a bog body

Illustrated notes

Levels and vault maps discovered:
D:        pitsprint [storerooms_1, entrance_room_1, metal_vault_4, armoury_1,
          mini_pit_1, grid_room_1, main_hall_1, silver_pit, the_coven_1,
          the_vestibule_1, steel_vault_5, golden_pit, hallway_of_sentries,
          crystal_vault_2, iron_vault_2, final_vault]

Skill      XL: |  1  2  3  4  5  6  7  8  9 10 11 |
---------------+----------------------------------+-----
Axes           | 2 3 4 5 6 8 9 10 11 | 11.4
Armour         | 3 4 5 6 7 8 9 10 11 | 11.5
Shields        | 3 4 5 6 7 8 9 10 11 | 11.7
Fighting       | 4 5 6 8 9 10 11 12 | 12.6
Invocations    | 4 7 9 10 12 15 17 19 21 | 21.3

Action                     |  1- 3 |  4- 6 |  7- 9 | 10-12 || total
---------------------------+-------+-------+-------+-------++-------
  Melee: War axe           |    22 |    28 |    69 |    55 ||   174
 Invoke: Major Destruction |       |       |     1 |     3 ||     4
         Greater Servant o |       |       |     1 |     3 ||     4
         Minor Destruction |       |       |       |     1 ||     1
         Lesser Servant of |       |       |       |     1 ||     1
    Use: Potion            |     4 |     2 |     6 |    11 ||    23
   Stab: Distracted        |       |       |       |     1 ||     1
 Armour: Scale mail        |    14 |     4 |       |       ||    18
         Plate armour      |       |    24 |    49 |    65 ||   138
  Dodge: Dodged            |    17 |    11 |    34 |    47 ||   109
  Block: Buckler           |     4 |    14 |    45 |    69 ||   132

Table legend: (Time is in decaauts)
 A = Elapsed time spent in this place.
 B = Non-inter-level travel time spent in this place.
 C = Inter-level travel time spent in this place.
 D = Time resting spent in this place.
 E = Time spent auto-exploring this place.
 F = Levels seen in this place.
 G = Mean time per level.
                   A        B        C        D        E       F      G
               +--------+--------+--------+--------+--------+-----+--------+
         Total |   2533 |   2469 |     64 |   1891 |      0 |   1 | 2533.0 |
       Dungeon |   2533 |   2469 |     64 |   1891 |      0 |   1 | 2533.0 |
               +--------+--------+--------+--------+--------+-----+--------+

Top non-repeatable levels by time:
       D: 2533 daAuts
